 Dungeon Crawl Stone Soup version 0.16.1-16-gc44b35d (webtiles) character file.

64 Nagual the Magician (level 3, 0/24 HPs)
             Began as a Demonspawn Wizard on Apr 18, 2015.
             Slain by an adder (2 damage)
             ... on level 2 of the Dungeon.
             The game lasted 00:09:09 (1768 turns).

Nagual the Magician (Demonspawn Wizard)             Turns: 1768, Time: 00:09:09

Health: 0/24       AC:  2    Str:  7    XL:     3   Next: 91%
Magic:  1/8        EV: 12    Int: 20    God:
Gold:   37         SH:  0    Dex: 11    Spells: 4 memorised, 1 level left

rFire  . . .     SeeInvis .     j - +0 dagger
rCold  . . .     Clarity  .     a - +0 robe
rNeg   . . .     SustAb   .     (no shield)
rPois  .         Gourm    .     b - +0 hat
rElec  .         Spirit   .     (no cloak)
rCorr  .         Warding  .     (no gloves)
rMut   .         Stasis   .     (no boots)
MR     .....                    (no amulet)
Stlth  +.........               (no ring)
                                (no ring)

@: very slightly contaminated, not resistant to hostile enchantments, very
unstealthy
A: hooves 1
a: no special abilities


You were on level 2 of the Dungeon.
You were hungry.

You visited 1 branch of the dungeon, and saw 2 of its levels.

You collected 37 gold pieces.

Inventory:

Hand weapons
 j - a +0 dagger (weapon)
Armour
 a - a +0 robe (worn)
 b - a +0 hat (worn)
Jewellery
 k - a cursed ring of teleportation {unknown}
Scrolls
 e - 3 scrolls of identify {unknown}
 f - 3 scrolls of recharging {unknown}
 h - a scroll of teleportation {unknown}
Potions
 g - a potion of ambrosia {unknown}
 i - a potion of cancellation {unknown}
Books
 c - a book of Minor Magic

   Spells                             Type                      Level
   a - Magic Dart                     Conjuration                  1
   b - Blink                          Translocation                2
   c - Call Imp                       Summoning                    2
   d - Repel Missiles                 Charms/Air                   2
   e - Slow                           Hexes                        2
   f - Conjure Flame                  Conjuration/Fire             3
   g - Mephitic Cloud                 Conjuration/Poison/Air       3
Comestibles
 d - a bread ration


   Skills:
 - Level 2.1 Dodging
 - Level 1.7 Stealth
 + Level 3.9 Spellcasting
 + Level 2.2 Conjurations
 - Level 1.0 Summonings
 - Level 0.8 Translocations


You had one spell level left.
You knew the following spells:

 Your Spells              Type           Power        Failure   Level  Hunger
a - Magic Dart            Conj           ##..         6%          1    None
b - Call Imp              Summ           #.......     17%         2    ##.....
c - Blink                 Tloc           N/A          17%         2    ##.....
d - Mephitic Cloud        Conj/Pois/Air  #.......     30%         3    ###....


Dungeon Overview and Level Annotations

Branches:
Dungeon (2/15)

Altars:


Innate Abilities, Weirdness & Mutations

You have large cloven feet.


Message History

You miscast Magic Dart.
You are very lightly contaminated with residual magic.
Wisps of smoke drift from your hands.
You hit the worm but do no damage. Your kick misses the worm.
The worm is almost dead.
The worm bites you.
* * * LOW HITPOINT WARNING * * *
You hit the worm but do no damage. You kick the worm, but do no damage.
The worm is almost dead.
You hit the worm.
The worm is almost dead.
The adder closely misses you. The worm bites you.
* * * LOW HITPOINT WARNING * * *
You hit the worm but do no damage.
The worm is almost dead.
The adder barely misses you. The adder misses you.
You hit the worm.
You kill the worm!
The adder bites you.
You die...

#......#...........
#.####.#.#.##.##..
#. #.####...#....#
...##..........##.#
###....#####..#.# #
#.............#.#
##...........#.#..
.......S.....#.####
#####.....@....#.#
................#..
#.............##.
........#########
.. ###.... #.
......w .# .....#.
....#. .. #.


You could see an adder.

Vanquished Creatures
  3 gnolls (D:2)
  A worm (D:2)
  A giant gecko (D:2)
  An ooze (D:1)
  A bat (D:1)
  2 giant cockroaches (D:1)
  4 goblins
  2 hobgoblins (D:1)
  6 kobolds
  2 giant newts
  A quokka (D:2)
  5 rats
29 creatures vanquished.

Notes
Turn   | Place    | Note
--------------------------------------------------------------
     0 | D:1      | Nagual, the Demonspawn Wizard, began the quest for the Orb.
     0 | D:1      | Reached XP level 1. HP: 13/13 MP: 4/4
   222 | D:1      | Gained mutation: You have large cloven feet. [demonic ancestry]
   222 | D:1      | Reached XP level 2. HP: 19/19 MP: 1/6
   992 | D:2      | Learned a level 2 spell: Call Imp
   995 | D:2      | Learned a level 2 spell: Blink
  1020 | D:2      | Reached XP level 3. HP: 5/24 MP: 1/8
  1025 | D:2      | Learned a level 3 spell: Mephitic Cloud
  1768 | D:2      | Slain by an adder

Action                   || total
-------------------------++-------
Melee: Unarmed           ||    30
       Dagger            ||    31
 Cast: Magic Dart        ||    81
       Mephitic Cloud    ||     1
 Stab: Confused          ||     1
  Eat: Chunk             ||     2
